 Dungeon Crawl Stone Soup version 0.30.0-20-g3615ddf2f0 (webtiles) character file.

Game seed: 17243741781341226456

95 qw the Chopper (level 4, -1/28 HPs)
             Began as a Gargoyle Fighter on May 28, 2023.
             Slain by Natasha (5 damage)
             ... on level 2 of the Dungeon.
             The game lasted 00:00:39 (1327 turns).

qw the Chopper (Gargoyle Fighter)                   Turns: 1327, Time: 00:00:39

Health: -1/28      AC: 11    Str: 22    XL:     4   Next: 65%
Magic:  4/4        EV:  9    Int:  8    God:
Gold:   65         SH:  4    Dex:  9    Spells: 3/3 levels left

rFire   . . .        Y - +0 war axe
rCold   . . .        c - +0 buckler
rNeg    + . .        b - +0 scale mail
rPois   inf          l - +0 helmet
rElec   +            (no cloak)
rCorr   .            (no gloves)
SInv    .            (no boots)
Will    .....        (no amulet) Stlth
                     (no ring)
HPRegen 0.24/turn    (no ring)
MPRegen 0.09/turn

%: no passive effects
@: no status effects
A: sickness immunity, AC +3, negative energy resistance 1, electricity
resistance, torment resistance 1, petrification resistance
a: no special abilities


You were on level 2 of the Dungeon.
You visited 1 branch of the dungeon, and saw 2 of its levels.

You collected 65 gold pieces.


Innate Abilities, Weirdness & Mutations

You are immune to sickness and miasma.
Your stone body is resilient. (AC +3)
You are immune to poison.
You resist negative energy. (rN+)
You are resistant to electric shocks. (rElec)
You are resistant to unholy torment.
You are immune to petrification.


   Skills:
 - Level 3.2 Fighting
 + Level 4.3 Axes
 - Level 3.2 Armour
 - Level 3.2 Shields


You had 3 spell levels left.
You didn't know any spells.
Your spell library was empty.

Inventory:

Hand Weapons
 k - a +0 mace
 Y - a +0 war axe (weapon)
Armour
 b - a +0 scale mail (worn)
 c - a +0 buckler (worn)
 l - a +0 helmet (worn)
Jewellery
 e - a +6 ring of strength
Scrolls
 a - a scroll of teleportation
Potions
 d - 2 potions of might
 f - 2 potions of magic {unknown}
 g - a potion of haste {unknown}
 j - a potion of berserk rage {unknown}

Dungeon Overview and Level Annotations

Branches:
Dungeon (2/15)

Altars:

Annotations:
D:2 Natasha


Message History

Enter note:
Enter note: Natasha casts a spell.
Jessica mumbles something strange.
Jessica hits you but does no damage.
Enter note:
Enter note: You closely miss Natasha.
You barely miss Jessica.
Jessica casts a spell.
Jessica blinks!
The cerulean imp closely misses you.
Natasha casts a spell.
The cerulean imp hits you from afar with a +2 spear.
The cerulean imp hits you from afar with a +1 spear.
You closely miss Natasha. You closely miss Jessica.
Jessica casts a spell at you. Pain shoots through your body!
Natasha claws you but does no damage.
The cerulean imp hits you from afar with a +2 spear.
Jessica hits you but does no damage. The cerulean imp barely misses you.
Natasha closely misses you.
You barely miss Natasha. You hit Jessica. Jessica hits you but does no damage.
The cerulean imp hits you but does no damage.
The cerulean imp hits you from afar with a +1 spear.
Jessica hits you but does no damage. Natasha claws you but does no damage.
The cerulean imp hits you but does no damage.
You slash Jessica!
You kill Jessica!
You closely miss Natasha.
The cerulean imp hits you but does no damage. x2
Natasha drinks a potion.
Natasha seems to grow stronger.
The cerulean imp completely misses you. The cerulean imp closely misses you.
The cerulean imp hits you but does no damage.
You barely miss Natasha. Natasha claws you!
The cerulean imp hits you from afar with a +2 spear.
The cerulean imp hits you but does no damage. x2
Natasha howls an incantation.
You feel troubled. Natasha claws you.
You die...

....#. ######.###
#..#.. #.........
#..#.# ##.#####...
##.#.####..#.......
#####.........#..######
##...............##
#..........#######
.....5.)....#
.....5.@###.##
.#...5h.# .... #.>.J###
###.. #### #....
#.####... ##..
#.....>## ...# ##....##
.... #...##.# ... .....
#.### ###. #....


You could see Natasha (strong), 3 cerulean imps and an endoplasm.

Vanquished Creatures
  Jessica (D:2)
  Natasha (D:2)
  A gnoll (D:1)
  A dart slug (D:1)
  5 bats
  An endoplasm (D:1)
  4 giant cockroaches
  2 goblins (D:1)
  3 hobgoblins (D:1)
  3 kobolds (D:1)
  2 quokkas (D:1)
  4 frilled lizards (D:1)
  8 rats
36 creatures vanquished.

Notes
Turn   | Place    | Note
-------+----------+-------------------------------------------
     0 | D:1      | qw the Gargoyle Fighter began the quest for the Orb.
     0 | D:1      | Reached XP level 1. HP: 14/14 MP: 1/1
     0 | D:1      | 0 ||| qw: Version: 0.2-a-100-g7972860
     0 | D:1      | 0 ||| qw: Game counter: 237
     0 | D:1      | 0 ||| qw: Always use a shield: true
     0 | D:1      | 0 ||| qw: God list: Okawaru
     0 | D:1      | 0 ||| qw: Allow faded altars: false
     0 | D:1      | 0 ||| qw: Do Orc after D:15 true
     0 | D:1      | 0 ||| qw: Do second Lair branch before Depths: true
     0 | D:1      | 0 ||| qw: Lair rune preference: random
     0 | D:1      | 0 ||| qw: Plans: Normal, Zot:1-4, Slime:5, God:TSO, Crypt,
                  | Tomb, Pan, Hells, Abyss, Win
     0 | D:1      | 0 ||| PLANNING D:1-11
     6 | D:1      | 6 ||| Stepping ~*~*~tactically~*~*~ (stealth).
    20 | D:1      | Reached skill level 2 in Axes
    82 | D:1      | Reached XP level 2. HP: 19/19 MP: 2/2
   197 | D:1      | 197 ||| Stepping ~*~*~tactically~*~*~ (hiding).
   364 | D:1      | Found a faded altar of an unknown god.
   444 | D:1      | Reached skill level 3 in Axes
   489 | D:1      | Reached XP level 3. HP: 23/23 MP: 3/3
   682 | D:1      | 682 ||| DROPPING +0 club.
  1040 | D:1      | 1040 ||| UPGRADING to +0 helmet.
  1045 | D:1      | 1045 ||| DROPPING +6 ring of intelligence.
  1046 | D:1      | 1046 ||| READING 2 scrolls labelled APHACIETEI.
  1049 | D:1      | 1049 ||| READING 3 scrolls labelled CIJEICZ BUNN.
  1050 | D:1      | 1050 ||| DROPPING 2 scrolls of fog.
  1105 | D:2      | 1105 ||| STAIRDANCE
  1119 | D:2      | Noticed Natasha
  1130 | D:2      | Killed Natasha
  1131 | D:2      | Reached XP level 4. HP: 16/28 MP: 4/4
  1259 | D:2      | Reached skill level 4 in Axes
  1319 | D:2      | Noticed Jessica
  1319 | D:2      | Noticed Natasha
  1326 | D:2      | Killed Jessica
  1327 | D:2      | HP: 5/28 [Natasha (7)]
  1327 | D:2      | Slain by Natasha

Levels and vault maps discovered:
D:1:      roderic_dead_forest, layout_loops_ring,
          shapermc_ecumenical_altar_notcrosses
D:2:      layout_rooms, minmay_heptomino_o4, uniq_sigmund, uniq_jessica,
          uniq_natasha

Skill      XL: |  1  2  3  4 |
---------------+-------------+-----
Axes           | 2 3 4 |  4.3
Fighting       | |  3.2
Armour         | |  3.2
Shields        | |  3.2

Action                     |  1- 3 |  4- 6 || total
---------------------------+-------+-------++-------
  Melee: War axe           |   118 |    12 ||   130
    Use: Scroll            |     2 |       ||     2
 Armour: Scale mail        |    57 |    15 ||    72
  Dodge: Dodged            |    53 |     9 ||    62
  Block: Buckler           |    28 |     1 ||    29

Table legend:
 A = Non-vault XP
 B = Vault XP
 C = Vault XP percentage of total XP
 D = Non-vault monster count
 E = Vault monster count
 F = Vault count percentage of total count
                 A         B        C        D         E       F
            +---------+---------+-------+---------+---------+-------
      Total |      64 |      72 |  52.9 |      34 |       2 |   5.6
            +---------+---------+-------+---------+---------+-------
        D:1 |      58 |       0 |   0.0 |      30 |       0 |   0.0
        D:2 |       6 |      72 |  92.3 |       4 |       2 |  33.3
            +---------+---------+-------+---------+---------+-------
